 Dungeon Crawl Stone Soup version 0.21.1-1-g345015f (webtiles) character file.

79 rlgrobin the Slasher (level 4, -6/39 HPs)
             Began as a Barachi Monk on Apr 21, 2018.
             Mangled by Duvessa
             ... wielding a +8 short sword of draining
              (13 damage)
             ... on level 4 of the Dungeon.
             The game lasted 00:08:42 (2449 turns).

rlgrobin the Slasher (Barachi Monk)                 Turns: 2449, Time: 00:08:42

Health: -6/39      AC:  4    Str: 14    XL:     4   Next: 37%
Magic:  4/4        EV: 12    Int: 10    God:
Gold:   147        SH:  0    Dex: 14    Spells: 3/3 levels left

rFire    . . .     SeeInvis .   q - +1 blowgun
rCold    . . .     Gourm    +   (no shield)
rNeg     . . .     Faith    .   r - +1 leather armour
rPois    .         Spirit   .   (no helmet)
rElec    .         Reflect  .   (no cloak)
rCorr    .         Harm     .   (no gloves)
MR       .....                  (no boots)
Stlth    +.........             t - amulet of the gourmand
HPRegen  0.13/turn              n - ring of wizardry
MPRegen  0.09/turn              (no ring)

@: drained, slow
A: +LOS, swims, slowness 1, strong legs 1
a: Hop


You were on level 4 of the Dungeon.
You were very hungry.

You visited 1 branch of the dungeon, and saw 4 of its levels.

You collected 147 gold pieces.


Innate Abilities, Weirdness & Mutations

Shadows flee at your approach. (+LOS)
You can swim through water.
You cover ground slowly.
You can hop short distances.


   Skills:
 - Level 5.0(3.9) Fighting
 - Level 5.0(4.0) Long Blades
 + Level 0.2(0.0) Armour
 - Level 3.2(2.3) Dodging
 - Level 1.7(0.8) Stealth


You had 3 spell levels left.
You didn't know any spells.

Inventory:

Hand Weapons
 a - a +0 falchion
 l - a +0 rapier
 m - a +2 dagger of freezing
 q - a +1 blowgun (weapon)
Missiles
 e - 52 stones
 s - 6 poisoned needles (quivered)
Armour
 r - a +1 leather armour (worn)
Jewellery
 n - a ring of wizardry (left hand)
 t - an amulet of the gourmand (around neck)
Scrolls
 d - 3 scrolls of amnesia
 f - a scroll of remove curse {unknown}
 g - a scroll of teleportation {unknown}
 i - 2 scrolls of identify {@r1}
 k - a scroll of noise {unknown}
Potions
 b - a potion of lignification {unknown}
 h - 2 potions of mutation {unknown}
 j - a potion of resistance {unknown}
 p - a potion of heal wounds {unknown}
Comestibles
 c - 7 rations

Dungeon Overview and Level Annotations

Branches:
Dungeon (4/15)
 Temple: D:4-7

Altars:

Annotations:
D:4 Dowan, Duvessa

▒ ▒e ▒+▒ ▒▒ ▒▒. ▒.▒
.. (. ..+ .▒▒.▒▒▒.▒
▒..(.. ..▒ ▒▒▒..▒.(
..▒ +▒
.......(▒▒.▒▒▒.▒▒▒▒
........eF.........
........▒▒.▒.......
.....▒▒▒▒▒......▒▒
................▒
......▒▒▒▒......▒
... ▒......▒
▒......▒ ▒
▒▒......▒ .▒ ▒.
▒.......▒▒▒▒.▒


You could see Duvessa.


Message History

You shoot a poisoned needle! The poisoned needle hits Duvessa!
Duvessa is poisoned!
Dowan gestures wildly while chanting!
Dowan blinks!!!
Duvessa hits you with a short sword of draining!
You feel drained!
You take 9 damage, and have 30/39 hp!
MASSIVE DAMAGE!!!!!!
Firing (i - inventory! (,) - cycle):
s - 7 poisoned needles (quivered)
Aim: Duvessa, wielding a short sword of draining and wearing a ring mail (lightly wounded, poisoned)
You shoot a poisoned needle!
The poisoned needle barely misses Duvessa!
You are ready to hop once more!
Duvessa hits you with a short sword of draining!
You feel drained!
You take 8 damage, and have 22/39 hp!
MASSIVE DAMAGE!!!!!!
As you read the scroll labeled DIOJEU JUWUI, it crumbles to dust!
It is a scroll of identify!
d - 3 scrolls of amnesia Duvessa closely misses you!
As you read the scroll labeled KEOTRUOQOM, it crumbles to dust!
It is a scroll of enchant armour!
Your +0 leather armour glows green for a moment!
Duvessa hits you with a short sword of draining!!! * * * don't die
* * * You feel drained!
You take 16 damage, and have 7/39 hp!
MASSIVE DAMAGE!!!!!!
As you read the scroll labeled YCVIYN DIWOUNIA, it crumbles to dust!
It is a scroll of enchant weapon!
Your +0 blowgun glows red for a moment!
Duvessa hits you with a short sword of draining!!! rip

Action                   |  1- 3 |  4- 6 || total
-------------------------+-------+-------++-------
Melee: Falchion          |    98 |    53 ||   151
       Dagger            |       |     1 ||     1
 Fire: Blowgun           |       |     5 ||     5
 Abil: Hop               |       |     2 ||     2
  Use: Scroll            |       |     3 ||     3
 Stab: Sleeping          |     2 |     2 ||     4
  Eat: Chunk             |     1 |     4 ||     5
Armor: Robe              |    15 |     1 ||    16
       Leather armour    |       |     4 ||     4
Dodge: Dodged            |    63 |    30 ||    93
       Rpst.: Falchion   |    21 |     7 ||    28

Vault maps used:
D:1:      matt_arrival_los_fun, item_on_display_a
D:2:      first_ration, chequers_big_river
D:3:      chequers_ecumenical_altar_lobes
D:4:      uniq_robin, uniq_duvessa

Notes
Turn   | Place    | Note
-------+----------+-------------------------------------------
     0 | D:1      | rlgrobin the Barachi Monk began the quest for the Orb.
     0 | D:1      | Reached XP level 1. HP: 18/18 MP: 1/1
    43 | D:1      | Reached skill level 4 in Long Blades
    49 | D:1      | Reached XP level 2. HP: 21/24 MP: 2/2
   271 | D:1      | Reached XP level 3. HP: 29/29 MP: 3/3
   332 | D:1      | Reached skill level 5 in Long Blades
   666 | D:2      | Reached skill level 4 in Fighting
  1002 | D:2      | Reached XP level 4. HP: 24/38 MP: 4/4
  1583 | D:3      | Found a faded altar of an unknown god.
  1943 | D:3      | Reached skill level 5 in Fighting
  2246 | D:4      | Noticed an ogre
  2436 | D:4      | Noticed Duvessa
  2436 | D:4      | Noticed Dowan
  2449 | D:4      | Mangled by Duvessa

Vanquished Creatures
  2 adders (D:2)
  An ooze (D:1)
  3 worms
  3 dart slugs
  A leopard gecko (D:1)
  A giant cockroach (D:1)
  6 goblins
  2 hobgoblins
  2 jackals (D:1)
  5 kobolds
  3 quokkas
  A ball python (D:2)
  5 bats
  A frilled lizard (D:1)
  8 rats
44 creatures vanquished.
